Map: Paladino Terminal LE

Players

TRUE - Winner!

  • Race: Zerg Zerg
  • Spawn Location: 5:00

PandaBearMe

  • Race: Zerg Zerg
  • Spawn Location: 9:00

Event: WCS Austin 2017

VOD

Have the link to the VOD?

Description

Time

  • Played on: April 28, 2017, 4:25 p.m.
  • Length: 10:20

All games in this series

Show
View Real Time Build Order
Export as new Build Order

TRUE Zerg - Winner!

Build Orders: Pool First, Zergling Baneling 

Get SALT Encoding   

  12  0:00  Drone  
  13  0:15  Extractor  
  12  0:24  Spawning Pool  
  11  0:29  Drone  
  11  0:34  Drone  
  13  0:39  Drone  
  14  0:51  Overlord  
  15  1:11  Zergling x4  
  15  1:12  Zergling x2  
  15  1:15  Metabolic Boost  
  17  1:23  Zergling x2  
  18  1:33  Zergling x2  
  18  1:37  Baneling Nest  
  18  1:49  Queen  
  20  1:56  Drone  
  21  2:04  Overlord  
  21  2:09  Zergling x2  
  20  2:19  Zergling x2  
  21  2:24  Baneling x2  
  21  2:27  Baneling x2  
  21  2:30  Zergling x2  
  22  2:38  Zergling x2, Baneling  
  20  2:51  Zergling x2  
  20  2:58  Drone x3  
  24  3:05  Baneling x2  
  24  3:10  Queen  
  26  3:18  Overlord  
  26  3:24  Drone  
  26  3:25  Drone  
  27  3:29  Drone  
  27  3:51  Hatchery  
  26  4:10  Drone x5  
  26  4:11  Drone  
  32  4:22  Zergling x2  
  32  4:26  Baneling  
  32  4:29  Baneling  
  32  4:31  Queen  
  32  4:32  Zergling x4  
  32  4:38  Zergling x2  
  37  4:46  Overlord  
  37  5:04  Drone x2  
  37  5:05  Drone x3  
  42  5:07  Roach Warren  
  42  5:08  Drone  
  42  5:19  Drone  
  42  5:23  Drone x2  
  42  5:24  Drone  
  42  5:28  Extractor  
  44  5:30  Drone  
  44  5:35  Overlord  
  45  5:37  Overlord  
  45  5:44  Baneling  
  45  5:45  Baneling  
  45  5:48  Roach x2  
  45  5:49  Roach  
  51  5:54  Roach x2  
  51  5:56  Roach  
  51  5:57  Roach x2  
  61  6:00  Roach  
  61  6:02  Roach  
  65  6:07  Overlord  
  65  6:10  Roach  
  67  6:24  Roach  
  68  6:26  Roach x4  
  68  6:31  Overlord  
  76  6:32  Overlord  
  76  6:43  Overlord  
  76  6:53  Drone x3  
  76  6:54  Drone x2  
  82  6:55  Lair  
  82  6:59  Drone  
  81  7:01  Evolution Chamber  
  81  7:02  Drone  
  81  7:03  Extractor  
  81  7:05  Drone x3  
  83  7:12  Overlord  
  83  7:14  Overlord  
  83  7:24  Roach x3  
  89  7:30  Overlord  
  89  7:32  Zerg Missile Weapons Level 1  
  89  7:39  Hatchery  
  88  7:45  Roach x2  
  88  7:48  Roach  
  88  7:50  Drone  
  94  7:54  Glial Reconstitution  
  94  7:57  Roach  
  96  8:02  Roach x2  
  100  8:08  Overlord  
  100  8:09  Roach  
  100  8:11  Roach  
  104  8:16  Overseer  
  104  8:17  Overlord  
  104  8:21  Roach  
  104  8:24  Roach  
  110  8:27  Roach  
  110  8:29  Roach  
  110  8:31  Roach  
  114  8:35  Roach  
  114  8:38  Roach  
  114  8:40  Roach  
  120  8:43  Roach  
  122  8:51  Drone x2  
  122  8:52  Drone  
  122  8:54  Overlord  
  124  8:58  Roach x2  
  128  9:13  Roach x2, Overlord x2  
  128  9:14  Roach  
  134  9:26  Roach  
  134  9:28  Overlord  
  136  9:31  Overlord  
  136  9:32  Roach  
  136  9:34  Roach  
  136  9:36  Roach  
  142  9:39  Roach  
  142  9:42  Roach  
  142  9:43  Roach  
  148  9:47  Roach  
  148  9:48  Roach  
  148  9:51  Roach  
  154  9:57  Roach x2  
  160  10:00  Roach x2  
Show
View Real Time Build Order
Export as new Build Order

PandaBearMe Zerg 

Build Orders: Pool First 

Get SALT Encoding   

  12  0:02  Drone  
  13  0:15  Extractor  
  12  0:24  Spawning Pool  
  11  0:29  Drone  
  12  0:36  Drone  
  12  0:40  Drone  
  14  0:52  Overlord  
  14  1:11  Zergling x2  
  14  1:12  Zergling x4  
  14  1:17  Metabolic Boost  
  17  1:23  Zergling x2  
  18  1:34  Zergling x2  
  18  1:38  Baneling Nest  
  18  1:47  Drone  
  19  1:56  Queen  
  21  2:07  Overlord  
  20  2:19  Drone x2  
  22  2:25  Baneling x2  
  22  2:28  Drone  
  23  2:39  Drone  
  18  2:54  Drone  
  19  3:01  Drone  
  19  3:04  Drone x2  
  19  3:05  Drone  
  23  3:14  Drone  
  22  3:29  Hatchery  
  22  3:31  Baneling  
  20  3:35  Drone  
  20  3:38  Zergling x2  
  20  3:40  Zergling x2  
  23  3:44  Zergling x2  
  24  3:55  Queen  
  24  4:01  Zergling x4  
  27  4:03  Baneling  
  27  4:06  Baneling  
  27  4:12  Overlord  
  27  4:23  Drone x3  
  29  4:41  Drone, Overlord  
  29  4:42  Drone x2  
  29  4:43  Drone  
  33  4:50  Drone  
  34  4:59  Baneling x2  
  34  5:01  Zergling x4, Baneling x2  
  34  5:05  Zergling x2  
  35  5:21  Zergling x4  
  35  5:24  Drone x3, Roach Warren  
  35  5:28  Drone x2  
  41  5:35  Drone x3  
  44  5:38  Extractor  
  44  5:39  Drone  
  44  5:40  Extractor  
  42  5:51  Drone x2  
  42  5:53  Overlord x2  
  44  6:04  Roach x2  
  44  6:05  Roach  
  44  6:08  Overlord  
  50  6:12  Roach  
  52  6:22  Roach x2  
  52  6:23  Roach  
  56  6:27  Ravager x3  
  56  6:29  Roach  
  60  6:37  Roach x3  
  65  6:42  Zergling x2  
  65  6:43  Zergling x4  
  68  6:52  Overlord  
  67  6:54  Lair  
  67  7:08  Overlord  
  67  7:11  Evolution Chamber  
  67  7:13  Drone x5  
  71  7:20  Drone  
  72  7:27  Drone  
  73  7:30  Roach x3  
  73  7:31  Roach  
  81  7:40  Roach  
  81  7:43  Zerg Missile Weapons Level 1  
  82  7:54  Hatchery  
  80  7:59  Overlord  
  80  8:02  Roach  
  80  8:03  Roach  
  84  8:10  Overlord x2  
  84  8:11  Glial Reconstitution  
  84  8:19  Ravager x2, Roach  
  90  8:20  Roach  
  90  8:22  Roach  
  92  8:29  Overlord  
  92  8:30  Overlord  
  91  8:35  Roach x2  
  95  8:45  Drone x5  
  95  8:46  Drone  
  101  9:00  Overlord  
  101  9:01  Drone x5  
  108  9:02  Ravager  
  108  9:03  Ravager x4  
  111  9:19  Roach x2  
  111  9:20  Roach x3  
  121  9:28  Roach x4  
  129  9:36  Overlord  
  129  9:42  Extractor  
  129  9:43  Roach  
  130  9:46  Roach  
  130  9:47  Roach, Overlord x2  
  130  9:52  Overlord  
  134  9:59  Roach  
  135  10:00  Roach x3  
Tags
 
Add a new tag
Caveats
  • Supply blocks, unpowered buildings, or Contaminate may cause inaccurate times.
  • Supply counts are checked every 10 seconds.